Map: Ulrena

Players

Wrigglinium - Winner!

  • Race: Terran Terran
  • League: Diamond

ytdurdtdd

  • Race: Zerg Zerg
  • League: Master

VOD

Have the link to the VOD?

Description

Time

  • Played on: Dec. 20, 2015, 5:29 a.m.
  • Length: 35:31
Show
View Real Time Build Order
Export as new Build Order

Wrigglinium Terran - Winner!

Build Orders: MMM Bio 

Get SALT Encoding   

  12  0:00  SCV  
  13  0:12  SCV  
  14  0:18  Supply Depot  
  14  0:24  SCV  
  15  0:40  SCV, Barracks  
  16  0:45  Refinery  
  16  0:52  SCV  
  17  1:04  SCV  
  18  1:16  SCV  
  19  1:28  Orbital Command  
  19  1:29  Marine  
  19  1:31  Supply Depot  
  20  1:47  Marine  
  20  1:53  SCV  
  22  2:01  Command Center  
  22  2:09  SCV  
  23  2:18  Barracks Tech Lab  
  23  2:19  Factory  
  23  2:23  SCV  
  24  2:36  SCV  
  25  2:38  Bunker  
  25  2:43  Barracks  
  25  2:48  SCV  
  25  2:49  Barracks Reactor  
  26  2:54  Refinery  
  26  3:00  SCV  
  27  3:10  Siege Tank  
  27  3:12  SCV  
  31  3:13  Orbital Command  
  31  3:24  SCV  
  31  3:26  Marine  
  33  3:31  Supply Depot  
  33  3:32  Starport  
  33  3:33  Marine  
  34  3:38  SCV  
  34  3:41  Barracks Tech Lab  
  35  3:45  SCV  
  35  3:47  Marine  
  37  3:50  SCV  
  37  3:53  Marine  
  39  3:57  SCV  
  39  3:59  Supply Depot  
  39  4:02  SCV  
  41  4:03  Combat Shields  
  41  4:09  SCV, Medivac  
  44  4:12  Marine  
  44  4:13  Marine  
  44  4:14  SCV  
  47  4:17  Marine  
  47  4:21  SCV  
  47  4:23  Supply Depot  
  49  4:31  Siege Tank  
  49  4:32  Marine x2  
  49  4:37  SCV x2  
  56  4:44  Marine  
  57  4:49  SCV x2, Supply Depot  
  57  4:51  Marine x2  
  61  5:01  SCV x2  
  64  5:07  Siege Tank  
  64  5:12  Marine x3  
  64  5:13  SCV x2  
  69  5:25  SCV x2  
  69  5:27  Liberator  
  70  5:30  Marine x3  
  70  5:32  Refinery  
  70  5:33  Refinery  
  70  5:34  Starport Reactor, Stimpack  
  73  5:37  SCV, Engineering Bay  
  73  5:47  Marine  
  73  5:48  Marine  
  70  6:00  Marine  
  70  6:02  SCV  
  71  6:05  Marine  
  71  6:07  Missile Turret  
  71  6:08  Missile Turret, Marine  
  73  6:13  Liberator  
  73  6:16  Missile Turret, Siege Tank  
  73  6:17  Marine  
  77  6:23  Marine  
  77  6:31  Marine  
  71  6:35  Marine  
  71  6:39  Barracks  
  72  6:40  Barracks x2  
  72  6:41  Marine  
  72  6:42  Terran Infantry Weapons Level 1  
  72  6:46  Supply Depot  
  73  6:49  Marine  
  74  6:57  Liberator  
  74  7:00  Factory Reactor  
  71  7:09  Marine  
  71  7:11  SCV x2, Marine x2  
  79  7:18  Missile Turret  
  79  7:26  SCV x2  
  79  7:29  Barracks Reactor  
  81  7:30  Barracks Reactor x2  
  81  7:38  SCV  
  81  7:42  SCV  
  83  7:45  Command Center  
  83  7:46  Engineering Bay  
  83  7:49  Armory  
  83  7:55  SCV x2  
  85  8:06  Liberator x2  
  85  8:08  Marine  
  85  8:09  Marine  
  86  8:21  Supply Depot  
  86  8:22  Supply Depot  
  86  8:23  SCV x2  
  94  8:41  Supply Depot  
  94  8:42  Supply Depot  
  94  8:43  Marine x7  
  94  8:59  Marine  
  94  9:00  Terran Infantry Armor Level 1  
  95  9:06  Medivac x2, Supply Depot  
  95  9:09  Marine x2  
  101  9:21  Marine x2  
  101  9:22  Marine  
  98  9:25  Orbital Command  
  98  9:28  Terran Ship Weapons Level 1  
  85  9:33  SCV  
  85  9:34  SCV  
  85  9:36  Medivac x2  
  88  9:40  Bunker  
  88  9:46  SCV x2, Marine x3  
  93  9:58  SCV  
  94  10:02  Marine x2  
  96  10:09  Marine x3  
  96  10:10  Marine  
  96  10:11  Marine x2  
  102  10:16  Missile Turret  
  102  10:19  SCV x2, Supply Depot  
  104  10:25  Marine  
  104  10:26  Marine x2  
  107  10:30  Marine  
  105  10:38  Marine  
  105  10:40  Marine x3  
  96  10:44  Marine x3  
  96  10:48  Marine  
  92  10:50  Orbital Command  
  80  10:56  Marine  
  81  10:58  Marine x2  
  81  11:04  Marine x2  
  85  11:18  Marine x3  
  70  11:33  Orbital Command, Supply Depot  
  67  11:44  Marine x2  
  67  11:45  Marauder, Marine x2  
  70  11:54  Marine x2  
  72  12:06  Marauder  
  74  12:08  Supply Depot  
  74  12:12  Marine x2  
  74  12:13  Marine  
  74  12:14  Orbital Command  
  77  12:29  Marine x5  
  77  12:30  Marine x2  
  77  12:34  Marine  
  83  12:47  Marine x3  
  83  12:51  Marine x2  
  83  12:54  SCV  
  86  13:00  Marine x2  
  88  13:11  Marine x4  
  89  13:23  Marine x4  
  93  13:33  Marine x2  
  93  13:34  Marine x2  
  96  13:39  SCV x3  
  96  13:40  Marine  
  96  13:41  Marine  
  101  13:44  Liberator x2  
  101  13:58  Supply Depot x2  
  101  14:01  Marine x2  
  109  14:17  SCV, Marine  
  109  14:19  Marine x5  
  109  14:20  SCV  
  109  14:21  Supply Depot  
  113  14:30  Marine  
  113  14:31  Marine  
  115  14:34  Widow Mine  
  115  14:35  Marine  
  115  14:36  Marine x2  
  115  14:37  Marine  
  115  14:38  Marauder  
  123  14:44  Medivac  
  123  14:45  Medivac  
  125  14:57  Liberator x2  
  116  15:20  Marine x2  
  116  15:21  Marauder  
  120  15:32  Orbital Command  
  115  15:51  Marine x4  
  115  15:52  Marauder, Marine x3  
  114  15:57  Medivac x2  
  112  16:09  Marine x5  
  112  16:10  Liberator x2  
  114  16:13  Marauder  
  114  16:18  Marine x2  
  82  16:26  Marine  
  82  16:27  Marine x4  
  93  16:35  Marauder  
  95  16:48  Marine x2  
  92  16:56  Marauder  
  92  16:57  Orbital Command  
  94  17:05  Orbital Command  
  94  17:06  Marine  
  94  17:07  Marine  
  62  17:42  Marine  
  63  17:44  Marine x2  
  63  17:50  Marine  
  63  17:51  Marine  
  64  17:54  Marine  
  65  17:58  Marine  
  65  17:59  Marauder  
  65  18:06  Liberator, Marine x3  
  68  18:19  Marine x2  
  67  18:20  Marine  
  73  18:55  Marine x5  
  75  18:56  Marine x3  
  81  19:15  SCV  
  82  19:24  Marine  
  81  19:58  Liberator  
  81  20:02  Marine x3  
  81  20:03  Marine x3  
  85  20:15  Marine x2  
  57  20:40  Marine  
  57  20:41  Marauder  
  50  20:52  Marine  
  47  21:07  Marine  
  43  21:30  Marine  
  43  21:50  Marine x4  
  38  22:16  Marine x2  
  38  22:19  Marine x2  
  38  22:22  SCV  
  38  22:36  Marine  
  40  22:38  Liberator  
  42  23:05  Marine  
  43  23:11  Marine  
  44  23:18  Marine  
  42  23:28  Marine  
  42  23:29  Marine  
  38  24:45  Refinery  
  38  24:48  Supply Depot  
  38  24:50  Orbital Command  
  16  25:55  Marine x3  
  16  25:56  Marine  
  22  26:29  Orbital Command  
  11  27:53  SCV  
  12  28:12  Refinery  
  12  28:20  SCV  
  11  30:09  Marine x4  
  15  30:22  Orbital Command  
  15  30:48  SCV  
  15  31:03  Supply Depot  
  15  31:24  SCV  
  16  31:30  Refinery  
  16  31:31  Marine x3  
  16  31:32  Marine  
  20  31:36  SCV  
  21  31:48  SCV  
  21  31:53  Supply Depot  
  22  32:01  SCV  
  23  32:15  SCV  
  24  32:22  Supply Depot  
  24  32:27  SCV  
  25  32:30  Factory  
  25  32:44  SCV  
  26  32:46  Supply Depot  
  26  33:00  SCV  
  27  33:12  SCV  
  28  33:19  Starport  
  28  33:39  Factory Tech Lab  
  28  34:03  SCV  
  29  34:11  Banshee  
  29  34:15  SCV  
  33  34:51  Marine  
  33  34:52  SCV, Marine x2  
  37  34:55  Refinery  
  40  35:04  SCV  
Show
View Real Time Build Order
Export as new Build Order

ytdurdtdd Zerg 

Build Orders: 3 Hatch before Pool 

Get SALT Encoding   

  12  0:01  Drone  
  13  0:12  Overlord  
  13  0:17  Drone  
  14  0:30  Drone x2  
  14  0:34  Drone  
  17  0:52  Hatchery  
  17  0:55  Drone  
  17  0:58  Drone  
  18  1:08  Drone  
  19  1:27  Hatchery  
  18  1:35  Spawning Pool  
  18  1:38  Extractor, Drone  
  17  1:42  Drone  
  17  1:46  Drone  
  19  1:52  Overlord  
  19  2:07  Drone x2  
  21  2:11  Drone  
  21  2:14  Drone  
  23  2:23  Spine Crawler, Drone  
  23  2:25  Drone  
  24  2:32  Drone  
  24  2:35  Drone  
  26  2:37  Lair  
  26  2:38  Drone  
  26  2:43  Drone  
  28  2:46  Drone  
  28  2:49  Drone  
  30  2:51  Extractor  
  30  2:54  Drone  
  30  2:57  Evolution Chamber  
  30  2:58  Drone  
  30  3:00  Drone  
  31  3:05  Spine Crawler  
  31  3:07  Drone  
  31  3:08  Drone  
  31  3:11  Drone  
  33  3:15  Drone  
  33  3:18  Drone  
  35  3:21  Drone  
  35  3:26  Drone  
  37  3:29  Drone  
  37  3:32  Drone  
  39  3:35  Spire  
  39  3:36  Drone  
  39  3:40  Extractor, Drone  
  39  3:41  Extractor  
  38  3:43  Drone  
  38  3:47  Drone  
  40  3:50  Overlord  
  40  3:54  Drone  
  41  3:59  Overlord  
  41  4:01  Drone  
  42  4:05  Overlord  
  42  4:10  Spine Crawler, Drone  
  42  4:12  Drone  
  42  4:15  Drone  
  44  4:20  Overlord  
  44  4:38  Overlord  
  44  4:47  Mutalisk  
  44  4:48  Mutalisk x5  
  44  4:52  Mutalisk  
  58  5:04  Hatchery  
  57  5:08  Mutalisk  
  57  5:22  Mutalisk x2  
  59  5:36  Infestation Pit  
  57  5:50  Mutalisk  
  57  5:51  Mutalisk  
  61  5:59  Mutalisk  
  61  6:01  Zergling x2  
  61  6:02  Zergling x10  
  61  6:03  Zergling x2  
  68  6:05  Zergling x2  
  71  6:11  Metabolic Boost  
  71  6:14  Zergling x4  
  71  6:26  Mutalisk  
  71  6:43  Hatchery  
  71  6:44  Drone x2  
  71  6:46  Extractor  
  71  6:47  Overlord x5  
  71  6:50  Hive  
  71  6:54  Drone x2  
  72  6:55  Hatchery  
  72  6:56  Drone  
  67  7:12  Drone x4  
  67  7:15  Drone  
  72  7:16  Extractor, Zerg Ground Armor Level 1  
  72  7:17  Extractor  
  72  7:18  Zergling x2  
  72  7:22  Zergling x2  
  72  7:26  Zergling x2  
  72  7:28  Zergling x2  
  74  7:35  Zergling x2  
  74  7:52  Zergling x10  
  74  7:53  Zergling x2  
  80  8:08  Zergling x4  
  80  8:09  Zergling x8  
  86  8:14  Drone  
  86  8:15  Drone x2  
  86  8:19  Adrenal Glands  
  89  8:24  Ultralisk Cavern  
  88  8:31  Drone  
  88  8:32  Drone x7  
  93  8:55  Zergling x6  
  94  8:56  Zergling x2  
  94  9:02  Zergling x8  
  100  9:03  Zergling x14  
  100  9:07  Zergling x2  
  108  9:10  Zergling x2  
  102  9:25  Zergling x2  
  102  9:26  Zergling x14  
  98  9:32  Zergling x6  
  98  9:33  Chitinous Plating  
  98  9:37  Zergling x2  
  96  9:39  Zergling x4  
  96  9:40  Zergling x2  
  98  9:49  Zergling x6  
  98  9:50  Zergling x4  
  103  10:06  Ultralisk  
  109  10:07  Overlord x5  
  107  10:32  Ultralisk x4  
  146  10:35  Ultralisk  
  138  11:02  Extractor  
  133  11:05  Extractor  
  100  11:26  Drone  
  100  11:27  Drone x13  
  54  11:54  Corruptor  
  54  11:55  Corruptor x9  
  80  12:01  Ultralisk  
  80  12:02  Ultralisk  
  80  12:03  Zergling x2  
  80  12:04  Zergling x2  
  80  12:06  Zergling x2  
  89  12:09  Zergling x2  
  89  12:10  Zergling x2  
  89  12:11  Zergling x2  
  92  12:18  Zerg Ground Armor Level 2  
  87  12:42  Ultralisk  
  87  12:43  Ultralisk  
  96  12:46  Zergling x2  
  96  12:55  Drone  
  96  12:56  Drone x2  
  96  13:28  Zergling x8  
  100  13:54  Drone  
  100  13:55  Drone x2  
  103  14:03  Ultralisk x2  
  103  14:05  Overlord x2  
  115  14:13  Hatchery  
  113  14:31  Zergling x4  
  113  14:32  Zergling x14  
  113  14:33  Zergling x2  
  122  14:53  Ultralisk  
  124  15:27  Ultralisk x2  
  134  15:32  Zergling x2  
  133  15:49  Zergling x6  
  125  15:50  Zergling x6  
  125  15:53  Ultralisk  
  120  16:15  Zergling x2  
  102  16:29  Drone  
  102  16:30  Drone x11  
  104  16:43  Hatchery  
  99  17:13  Zergling x14  
  99  17:14  Zergling x10  
  100  17:42  Hatchery  
  98  18:23  Corruptor  
  100  18:29  Hatchery  
  99  18:37  Corruptor  
  101  18:49  Corruptor  
  101  18:50  Corruptor  
  105  19:03  Corruptor  
  105  19:06  Corruptor  
  109  19:16  Corruptor  
  111  19:31  Corruptor  
  103  20:02  Ultralisk  
  89  20:43  Zergling x2  
  89  20:44  Zergling x10  
  92  21:09  Zergling x2  
  92  21:10  Zergling x6  
  96  21:17  Ultralisk  
  89  22:05  Ultralisk x2  
  79  22:17  Ultralisk x2  
  79  22:21  Zergling x8  
  79  22:22  Zergling x4  
  90  22:23  Zergling x4  
  101  23:02  Spore Crawler  
  72  23:44  Zergling x24  
  69  24:16  Spore Crawler  
  59  24:30  Hatchery  
  55  25:17  Drone x2  
  56  25:28  Drone  
  57  25:43  Drone  
  52  27:02  Spore Crawler  
  52  27:32  Drone  
  52  29:52  Drone x2  
  54  29:53  Drone  
  52  35:02  Overlord  
  52  35:12  Overlord  
Tags
 
Add a new tag
Caveats
  • Supply blocks, unpowered buildings, or Contaminate may cause inaccurate times.
  • Supply counts are checked every 10 seconds.